 Seeded DCSS version 0.30-a0-972-gf3ab3527aa (webtiles) character file.

Game seed: 20230327 (custom seed)

23 GigaChad the Trooper (level 2, 27/27 HPs)
             Began as a Minotaur Fighter on Mar 31, 2023.
             Quit the game on level 1 of the Dungeon.
             The game lasted 00:02:55 (511 turns).

GigaChad the Trooper (Minotaur Fighter)              Turns: 511, Time: 00:02:56

Health: 27/27      AC:  7    Str: 20    XL:     2   Next: 75%
Magic:  1/1        EV:  9    Int:  5    God:
Gold:   39         SH:  4    Dex:  9    Spells: 1/1 levels left

rFire   . . .      SeeInvis .    a - +0 war axe
rCold   . . .      Faith    .    c - +0 buckler
rNeg    . . .      Spirit   .    b - +0 scale mail
rPois   .          Reflect  .    (helmet restricted)
rElec   .          Rampage  .    (no cloak)
rCorr   .                        (no gloves)
Will    .....                    (no boots) Stlth
                                 (no amulet)
HPRegen 0.24/turn                (no ring)
MPRegen 0.07/turn                (no ring)

@: no status effects
A: horns 2, retaliatory headbutt
a: no special abilities


You were on level 1 of the Dungeon.
You visited 1 branch of the dungeon, and saw 1 of its levels.

You collected 39 gold pieces.

Inventory:

Hand Weapons
 a - a +0 war axe (weapon)
Armour
 b - a +0 scale mail (worn)
 c - a +0 buckler (worn)
Jewellery
 j - a ring of fire
Scrolls
 f - a scroll of identify {unknown}
 h - a scroll of enchant armour {unknown}
Potions
 d - a potion of might
 e - a potion of curing {unknown}
 g - a potion of invisibility {unknown}
 i - a potion of degeneration {unknown}


   Skills:
 + Level 4.0 Fighting
 + Level 3.1 Axes
 + Level 3.9 Armour
 + Level 3.9 Shields


You had one spell level left.
You didn't know any spells.
Your spell library contained the following spells:

 Spells                   Type           Power      Damage    Failure   Level
 Borgnjor's Revivificati  Necr           0%         N/A       100%        8
 Necromutation            Tmut/Necr      0%         N/A       100%        8
 Death's Door             Necr           0%         N/A       100%        9


Dungeon Overview and Level Annotations

Branches:
Dungeon (1/15)

Altars:

Shops:
D:1 *:*=


Innate Abilities, Weirdness & Mutations

You have a pair of horns on your head.
You reflexively headbutt those who attack you in melee.


Message History

Unknown command.
You see here a hobgoblin corpse.
A ball python comes into view.
You closely miss the ball python. Your headbutt misses the ball python.
The ball python bites you but does no damage.
The ball python grabs you. The ball python constricts you.
The ball python closely misses you. The ball python constricts you.
You escape the ball python's grasp.
The ball python bites you but does no damage.
The ball python grabs you. The ball python constricts you.
The ball python closely misses you. The ball python constricts you.
You closely miss the ball python. Your headbutt misses the ball python.
The ball python bites you. The ball python constricts you.
You slash the ball python!
You kill the ball python!
j - a ring of fire You open the door.
A giant cockroach comes into view.
You slash the giant cockroach!
You kill the giant cockroach!
There is an open door here.
You see here a giant cockroach corpse.
A goblin comes into view. It is wielding a +0 club.
The goblin shouts!
You closely miss the goblin. The goblin hits you with a +0 club.
You barely miss the goblin. The goblin closely misses you.
The goblin barely misses you.
You slash the goblin!
You kill the goblin!
Things that are here:
a +0 club; a goblin corpse
There is a stone staircase leading down here.
There is an entrance to Aqium's General Store here.
There is an open door here.
You see here a +0 short sword.
There is an open door here.
Welcome back, GigaChad the Minotaur Fighter.
Game seed: 20230327 (custom seed) Press ? for a list of commands and other information.
Are you sure you want to abandon this character and quit the game? (Confirm with "yes".)

..# ####.......#.##...#.....# #.#
..# #..+.8.<.8.'.##...#.....###.#
..# #.##.......#.##...#.......#.#
..# #.##.8.8.8.#.##...#.....#'#.#
..# #.##.......#.##...#....#....#
..###.#####'####.##...#########.#
............# #.##...##.....≈#.#
#...........####.##...#..≈≈≈..#.#
#...........'...@.......≈≈≈≈≈.#.#
#...........####(#####).≈≈≈≈≈∩#.#
+...........# #.##.....≈≈≈≈≈.#.#
#...........# #.##.###..≈≈≈..###
#...........# #.......#.....≈#.#
#........)..# ###..###########.#
#####'#'##### ##.# #.# #.#.# #.#
# #.# #.#.# #.## #. #.#


There were no monsters in sight!

Vanquished Creatures
  3 ball pythons (D:1)
  3 bats (D:1)
  An endoplasm (D:1)
  2 giant cockroaches (D:1)
  4 goblins (D:1)
  2 hobgoblins (D:1)
  A quokka (D:1)
  2 kobolds (D:1)
  2 rats (D:1)
20 creatures vanquished.

Notes
Turn   | Place    | Note
-------+----------+-------------------------------------------
     0 | D:1      | GigaChad the Minotaur Fighter began the quest for the Orb.
     0 | D:1      | Reached XP level 1. HP: 19/19 MP: 0/0
     4 | D:1      | Found Xoclunid's Book Emporium.
    30 | D:1      | Found Aqium's General Store.
   104 | D:1      | Found Wostryiz's General Store.
   171 | D:1      | Reached XP level 2. HP: 27/27 MP: 1/1
   183 | D:1      | Found a faded altar of an unknown god.
   275 | D:1      | Found Muif's Jewellery Shop.
   406 | D:1      | Reached skill level 4 in Fighting
   511 | D:1      | Quit the game

Illustrated notes

Levels and vault maps discovered:
D:1:      doesnt_arrival_eight_statues, layout_basic, serial_shops,
          nicolae_shop_advertising_works [nicolae_subvault_shop_adworks], shop,
          nicolae_lakefront_shop, shop, shop,
          shapermc_ecumenical_altar_notcrosses

Skill      XL: |  1  2 |
---------------+-------+-----
Axes           | 3 |  3.1
Fighting       | 4 |  4.0
Armour         | |  3.9
Shields        | |  3.9

Action                     || total
---------------------------++-------
  Melee: War axe           ||    49
         Headbutt          ||     4
 Armour: Scale mail        ||    24
  Dodge: Dodged            ||    24
  Block: Buckler           ||    11

Table legend: (Time is in decaauts)
 A = Elapsed time spent in this place.
 B = Non-inter-level travel time spent in this place.
 C = Inter-level travel time spent in this place.
 D = Time resting spent in this place.
 E = Time spent auto-exploring this place.
 F = Levels seen in this place.
 G = Mean time per level.
                   A        B        C        D        E       F      G
               +--------+--------+--------+--------+--------+-----+--------+
         Total |    530 |    530 |      0 |      0 |    307 |   1 |  530.0 |
       Dungeon |    530 |    530 |      0 |      0 |    307 |   1 |  530.0 |
               +--------+--------+--------+--------+--------+-----+--------+

Top non-repeatable levels by time:
     D:1: 530 daAuts
